2509 views
Uploaded 2021-11-01 08:23:34
Game version 1.32.10
12:47 long 3on3 ladder game on (8)Mur'gulOasis_LV
Saved by xzz
2509 views
Uploaded 2021-11-01 08:23:34
Game version 1.32.10
12:47 long 3on3 ladder game on (8)Mur'gulOasis_LV


42 units @ 5.4k
/ 0.5k
26 buildings @ 4.2k
/ 1.3k

| Acolyte | 2 | 150 | / | 0 |
| Ghoul | 3 | 360 | / | 0 |
| Crypt Fiend | 6 | 1290 | / | 240 |
| total: | 11 | 1800g | / | 240w |
| Nerubian Tower | 1 | 100 | / | 20 |
| Crypt | 1 | 200 | / | 50 |
| Graveyard | 1 | 215 | / | 0 |
| Ziggurat | 3 | 450 | / | 150 |
| Altar of Darkness | 1 | 180 | / | 50 |
| Tomb of Relics | 1 | 130 | / | 30 |
| Halls of the Dead | 2 | 640 | / | 420 |
| total: | 7 | 1175g | / | 280w |
| 0:04 | Acolyte |
| 0:04 | Acolyte |
| 0:10 | Crypt |
| 0:41 | Graveyard |
| 0:56 | Ziggurat |
| 1:13 | Ghoul |
| 1:35 | Altar of Darkness |
| 1:46 | Ziggurat |
| 1:49 | Ghoul |
| 2:11 | Ghoul |
| 2:28 | Crypt Fiend |
| 3:08 | Crypt Fiend |
| 3:10 | Nerubian Tower |
| 3:51 | Crypt Fiend |
| 3:54 | Ziggurat |
| 3:57 | Halls of the Dead |
| 4:10 | Black Arrow |
| 4:42 | Crypt Fiend |
| 5:03 | Crypt Fiend |
| 5:07 | Tomb of Relics |
| 5:45 | Crypt Fiend |
| Right click | 167 |
| Select | 86 |
| Build/train/purchase | 18 |
| Assign group | 11 |
| Select group | 7 |
| Use ability | 1 |
| Minimap ping | 1 |

| Healing Salve | 3 | 300 |
| Lesser Clarity Potion | 2 | 140 |
| Scroll of Speed | 2 | 100 |
| Potion of Healing | 1 | 150 |
| total: | 8 | 690g |
| Peon | 12 | 900 | / | 0 |
| Troll Batrider | 6 | 960 | / | 240 |
| total: | 18 | 1860g | / | 240w |
| Watch Tower | 3 | 330 | / | 240 |
| Altar of Storms | 1 | 180 | / | 50 |
| Orc Burrow | 4 | 640 | / | 160 |
| Voodoo Lounge | 1 | 130 | / | 30 |
| War Mill | 1 | 205 | / | 0 |
| Beastiary | 2 | 290 | / | 280 |
| Stronghold | 3 | 945 | / | 570 |
| Fortress | 2 | 650 | / | 380 |
| Nerubian Tower | 1 | 100 | / | 20 |
| total: | 12 | 1775g | / | 760w |
| 0:11 | Altar of Storms |
| 0:13 | Orc Burrow |
| 0:15 | Peon |
| 0:15 | Peon |
| 0:51 | Peon |
| 1:07 | Peon |
| 1:18 | Voodoo Lounge |
| 1:24 | Peon |
| 1:37 | Peon |
| 1:46 | Peon |
| 2:00 | Peon |
| 2:24 | Stronghold |
| 2:27 | Feral Spirit |
| 2:30 | Healing Salve |
| 2:30 | Healing Salve |
| 2:32 | Lesser Clarity Potion |
| 2:39 | Scroll of Speed |
| 2:39 | Scroll of Speed |
| 4:08 | War Mill |
| 4:10 | Orc Burrow |
| 5:16 | Beastiary |
| 5:17 | Beastiary |
| 5:22 | Watch Tower |
| 5:24 | Peon |
| 5:24 | Peon |
| 6:18 | Orc Burrow |
| 6:22 | Watch Tower |
| 6:24 | Peon |
| 6:24 | Peon |
| 6:26 | Troll Batrider |
| 6:58 | Troll Batrider |
| 7:01 | Fortress |
| 7:33 | Chain Lighting |
| 8:02 | Troll Batrider |
| 8:08 | Orc Burrow |
| 8:22 | Watch Tower |
| 8:24 | Reinforced Defenses |
| 8:29 | Troll Batrider |
| 8:29 | Troll Batrider |
| 9:26 | Healing Salve |
| 9:29 | Lesser Clarity Potion |
| 9:33 | Troll Batrider |
| 9:35 | Liquid Fire |
| 9:52 | Potion of Healing |
| 12:43 | Nerubian Tower |
| Right click | 614 |
| Chat | 269 |
| Select | 159 |
| Build/train/purchase | 83 |
| Use ability | 21 |
| Select group | 5 |
| Assign group | 2 |
| Esc | 2 |

| Peon | 7 | 525 | / | 0 |
| Grunt | 6 | 1200 | / | 0 |
| total: | 13 | 1725g | / | 0w |
| Altar of Storms | 1 | 180 | / | 50 |
| Barracks | 1 | 180 | / | 50 |
| Orc Burrow | 4 | 640 | / | 160 |
| War Mill | 1 | 205 | / | 0 |
| total: | 7 | 1205g | / | 260w |
| 0:11 | Peon |
| 0:11 | Peon |
| 0:12 | Peon |
| 0:12 | Peon |
| 0:12 | Peon |
| 0:34 | Altar of Storms |
| 0:54 | Barracks |
| 1:08 | Orc Burrow |
| 1:19 | Peon |
| 2:26 | Orc Burrow |
| 2:30 | Grunt |
| 2:30 | Grunt |
| 2:31 | Grunt |
| 2:31 | Grunt |
| 3:05 | Critical Strike |
| 3:25 | Orc Burrow |
| 4:04 | War Mill |
| 4:17 | Grunt |
| 4:17 | Grunt |
| 4:46 | Peon |
| 5:20 | Orc Burrow |
| Select | 34 |
| Right click | 29 |
| Build/train/purchase | 15 |
63 units @ 10k
/ 1.1k
42 buildings @ 4.9k
/ 1.5k


| Peasant | 9 | 675 | / | 0 |
| Rifleman | 23 | 4715 | / | 690 |
| total: | 32 | 5390g | / | 690w |
| Scout Tower | 9 | 270 | / | 180 |
| Guard Tower | 4 | 280 | / | 200 |
| Blacksmith | 1 | 140 | / | 60 |
| Barracks | 1 | 160 | / | 60 |
| Altar of Kings | 1 | 180 | / | 50 |
| Farm | 7 | 560 | / | 140 |
| Lumber Mill | 1 | 120 | / | 0 |
| Keep | 1 | 320 | / | 210 |
| Castle | 1 | 360 | / | 210 |
| total: | 20 | 1430g | / | 490w |
| 0:04 | Peasant |
| 0:04 | Peasant |
| 0:04 | Peasant |
| 0:26 | Peasant |
| 0:35 | Blacksmith |
| 0:47 | Barracks |
| 0:52 | Altar of Kings |
| 1:03 | Peasant |
| 1:05 | Farm |
| 1:12 | Peasant |
| 1:21 | Farm |
| 1:33 | Peasant |
| 1:52 | Rifleman |
| 1:52 | Rifleman |
| 1:52 | Rifleman |
| 1:52 | Rifleman |
| 2:03 | Farm |
| 2:21 | Rifleman |
| 2:21 | Rifleman |
| 2:21 | Rifleman |
| 2:21 | Rifleman |
| 2:42 | Rifleman |
| 2:42 | Rifleman |
| 2:42 | Rifleman |
| 2:50 | Farm |
| 2:55 | Storm Bolt |
| 3:23 | Rifleman |
| 3:50 | Rifleman |
| 3:57 | Farm |
| 4:02 | Bash |
| 4:16 | Rifleman |
| 4:46 | Farm |
| 4:46 | Rifleman |
| 5:12 | Rifleman |
| 5:15 | Keep |
| 5:36 | Storm Bolt |
| 6:21 | Rifleman |
| 6:35 | Rifleman |
| 6:46 | Bash |
| 7:13 | Farm |
| 8:33 | Rifleman |
| 8:33 | Rifleman |
| 9:29 | Rifleman |
| 9:31 | Long Rifles |
| 10:02 | Rifleman |
| 10:02 | Rifleman |
| 10:11 | Lumber Mill |
| 10:13 | Scout Tower |
| 10:13 | Scout Tower |
| 10:14 | Scout Tower |
| 10:15 | Scout Tower |
| 10:16 | Scout Tower |
| 10:45 | Scout Tower |
| 11:01 | Guard Tower |
| 11:03 | Improved Masonry |
| 11:05 | Peasant |
| 11:05 | Peasant |
| 11:23 | Holy Light |
| 11:35 | Guard Tower |
| 11:36 | Guard Tower |
| 11:40 | Scout Tower |
| 11:43 | Scout Tower |
| 11:55 | Castle |
| 11:58 | Scout Tower |
| 12:45 | Guard Tower |
| Right click | 563 |
| Select | 167 |
| Chat | 82 |
| Build/train/purchase | 48 |
| Select group | 14 |
| Use ability | 13 |
| Assign group | 1 |


| Rod of Necromancy | 1 | 150 |
| total: | 1 | 150g |
| Acolyte | 2 | 150 | / | 0 |
| Ghoul | 9 | 1080 | / | 0 |
| Crypt Fiend | 8 | 1720 | / | 320 |
| Obsidian Statue | 2 | 400 | / | 70 |
| total: | 21 | 3350g | / | 390w |
| Nerubian Tower | 2 | 200 | / | 40 |
| Spirit Tower | 4 | 580 | / | 160 |
| Crypt | 1 | 200 | / | 50 |
| Altar of Darkness | 1 | 180 | / | 50 |
| Ziggurat | 8 | 1200 | / | 400 |
| Tomb of Relics | 1 | 130 | / | 30 |
| Graveyard | 1 | 215 | / | 0 |
| Slaughterhouse | 1 | 140 | / | 135 |
| Halls of the Dead | 1 | 320 | / | 210 |
| Black Citadel | 1 | 325 | / | 230 |
| total: | 13 | 2065g | / | 665w |
| 0:03 | Acolyte |
| 0:05 | Crypt |
| 0:07 | Altar of Darkness |
| 0:11 | Acolyte |
| 0:32 | Ziggurat |
| 0:36 | Ziggurat |
| 1:00 | Tomb of Relics |
| 1:09 | Ghoul |
| 1:09 | Ghoul |
| 1:09 | Ghoul |
| 1:09 | Ghoul |
| 1:09 | Ghoul |
| 1:18 | Ziggurat |
| 1:29 | Ghoul |
| 1:49 | Ghoul |
| 2:06 | Ghoul |
| 2:24 | Rod of Necromancy |
| 2:28 | Death Coil |
| 2:37 | Halls of the Dead |
| 3:00 | Graveyard |
| 3:26 | Ziggurat |
| 3:28 | Nerubian Tower |
| 3:45 | Ghoul |
| 4:44 | Crypt Fiend |
| 5:24 | Crypt Fiend |
| 5:40 | Slaughterhouse |
| 6:15 | Crypt Fiend |
| 6:16 | Ziggurat |
| 6:37 | Web |
| 6:47 | Unholy Aura |
| 7:25 | Obsidian Statue |
| 7:27 | Crypt Fiend |
| 7:33 | Frost Nova |
| 7:56 | Crypt Fiend |
| 8:19 | Obsidian Statue |
| 8:41 | Ziggurat |
| 8:43 | Creature Attack |
| 9:03 | Creature Carapace |
| 9:49 | Spirit Tower |
| 9:50 | Spirit Tower |
| 9:51 | Nerubian Tower |
| 9:52 | Ziggurat |
| 9:54 | Crypt Fiend |
| 10:25 | Spirit Tower |
| 10:56 | Frost Armor |
| 11:12 | Spirit Tower |
| 11:50 | Crypt Fiend |
| 11:50 | Crypt Fiend |
| 11:53 | Death Coil |
| 12:16 | Black Citadel |
| 12:46 | Ziggurat |
| Right click | 338 |
| Select | 220 |
| Chat | 144 |
| Build/train/purchase | 64 |
| Use ability | 9 |
| Minimap ping | 5 |
| Misc. action | 2 |

| Peon | 6 | 450 | / | 0 |
| Grunt | 4 | 800 | / | 0 |
| total: | 10 | 1250g | / | 0w |
| Altar of Storms | 1 | 180 | / | 50 |
| Orc Burrow | 4 | 640 | / | 160 |
| Barracks | 1 | 180 | / | 50 |
| Voodoo Lounge | 3 | 390 | / | 90 |
| Stronghold | 1 | 315 | / | 190 |
| total: | 9 | 1390g | / | 350w |
| 0:07 | Altar of Storms |
| 0:08 | Peon |
| 0:09 | Peon |
| 0:28 | Orc Burrow |
| 0:31 | Peon |
| 0:42 | Barracks |
| 0:54 | Peon |
| 1:28 | Orc Burrow |
| 1:29 | Peon |
| 1:35 | Peon |
| 1:47 | Grunt |
| 2:21 | War Stomp |
| 2:32 | Voodoo Lounge |
| 2:37 | Grunt |
| 4:17 | Voodoo Lounge |
| 4:29 | Stronghold |
| 4:40 | Orc Burrow |
| 6:19 | Voodoo Lounge |
| 6:24 | Orc Burrow |
| 6:36 | Grunt |
| 8:05 | Grunt |
| 11:54 | Endurance Aura |
| Right click | 494 |
| Select | 106 |
| Build/train/purchase | 20 |
| Chat | 11 |
| Minimap ping | 2 |
| Use ability | 1 |
| Esc | 1 |
⇛